 Dungeon Crawl Stone Soup version 0.29.1-15-g9cfb28693d (webtiles) character file.

Game seed: 4509132720813718007

158 hawla the Chiller (level 5, -2/41 HPs)
             Began as a Hill Orc Ice Elementalist on Apr 20, 2023.
             Slain by Edmund
             ... wielding a +7 vorpal dire flail
              (13 damage)
             ... on level 4 of the Dungeon.
             The game lasted 00:06:56 (3963 turns).

hawla the Chiller (Hill Orc Ice Elementalist)       Turns: 3963, Time: 00:06:57

Health: -2/41      AC:  3    Str: 11    XL:     5   Next: 40%
Magic:  3/7        EV: 12    Int: 17    God:
Gold:   176        SH:  0    Dex: 11    Spells: 3/7 levels left

rFire   . . .      SeeInvis .   i - +4 spear
rCold   . . .      Faith    .   (no shield)
rNeg    . . .      Spirit   .   a - +0 robe
rPois   .          Reflect  .   (no helmet)
rElec   .          Harm     .   (no cloak)
rCorr   .          Rampage  .   m - +0 pair of gloves
Will    .....                   (no boots)
Stlth   ++........              (no amulet)
HPRegen 0.13/turn               (no ring)
MPRegen 0.10/turn               (no ring)

@: freezing walls
A: no striking features
a: no special abilities


You were on level 4 of the Dungeon.
You visited 1 branch of the dungeon, and saw 4 of its levels.

You collected 176 gold pieces.

Inventory:

Hand Weapons
 i - a +4 spear (weapon)
Missiles
 f - 22 poisoned darts (quivered)
Armour
 a - a +0 robe (worn)
 m - a +0 pair of gloves (worn)
Magical Staves
 d - a staff of conjuration
Scrolls
 c - a scroll of teleportation
 e - 2 scrolls of fog
 j - a scroll of blinking
 k - a scroll of amnesia
 n - a scroll of identify
 o - a scroll of poison {unknown}
 p - a scroll of immolation {unknown}
Potions
 b - a potion of magic
 g - 5 potions of degeneration
 h - 2 potions of haste
 l - 2 potions of curing
 q - a potion of brilliance {unknown}
 r - a potion of mutation {unknown}


   Skills:
 + Level 1.8 Fighting
 + Level 3.0 Polearms
 + Level 2.1 Dodging
 + Level 2.2 Stealth
 + Level 1.7 Spellcasting
 + Level 4.2 Ice Magic


You had 3 spell levels left.
You knew the following spells:

 Your Spells              Type           Power      Damage    Failure   Level
a - Freeze                Ice            60%        1d8       3%          1
b - Frozen Ramparts       Ice            30%        1d5       11%         3

Your spell library contained the following spells:

 Spells                   Type           Power      Damage    Failure   Level
 Ozocubu's Armour         Ice            15%        N/A       11%         3
 Beastly Appendage        Tmut           2%         N/A       21%         1
 Wereblood                Tmut           1%         N/A       30%         2
 Portal Projectile        Hex/Tloc       2%         N/A       52%         3
 Spider Form              Tmut/Pois      1%         N/A       52%         3
 Tukima's Dance           Hex            1%         N/A       52%         3
 Hailstorm                Conj/Ice       8%         3d4       63%         4
 Blade Hands              Tmut           0%         N/A       99%         5
 Iskenderun's Battlesphe  Conj           1%         2d6       99%         5
 Iron Shot                Conj/Erth      0%         9d1       100%        6
 Spellforged Servitor     Conj/Summ      0%         N/A       100%        7


Dungeon Overview and Level Annotations

Branches:
Dungeon (4/15)
 Temple: D:4-7

Altars:
Qazlal

Annotations:
D:4 Edmund


Message History

There is a stone staircase leading up here.
Edmund the Younger comes into view.
He is wielding a +7 vorpal dire flail and wearing a +2 scale mail of cold resistance.
Edmund shouts!
You hear a shout!
Edmund is nearby!
Edmund is nearby!
Edmund is nearby!
Edmund is nearby!
You reach to attack!
You hit Edmund.
Edmund is lightly wounded.
You hit Edmund but do no damage.
Edmund is lightly wounded.
Edmund barely misses you.
You hit Edmund but do no damage.
Edmund is lightly wounded.
Edmund hits you with a +7 vorpal dire flail!
You hit Edmund.
Edmund is lightly wounded.
Edmund misses you.
You hit Edmund.
Edmund is lightly wounded.
Edmund hits you with a +7 vorpal dire flail.
Casting: Freeze (safe; 3% risk of failure)
Confirm with . or Enter, or press ? or * to list all spells.
Casting: Frozen Ramparts (dangerous; 11% risk of failure)
Press: ? - help, Dir - look around, f - activate The walls around you are covered in ice.
Edmund resists.
The wall freezes Edmund.
Edmund hits you with a +7 vorpal dire flail!
* * * LOW HITPOINT WARNING * * *
Unknown command.
Casting: Frozen Ramparts (dangerous; 11% risk of failure)
Confirm with . or Enter, or press ? or * to list all spells.
Aiming: Freeze (safe; 3% risk of failure)
Press: ? - help, Shift-Dir - straight line, f - Edmund
Aim: Edmund, wielding a +7 vorpal dire flail and wearing a +2 scale mail of cold resistance (lightly wounded)
You freeze Edmund.
Edmund resists.
Edmund is lightly wounded.
The wall freezes Edmund but does no damage.
Edmund hits you with a +7 vorpal dire flail!
You die...

#.## .. .# ##.# .
#.#####..# . ##
#.....#.## . .## ..
#....#####.## ..#.#
####.......# ...
###.####..# # #@#####..##
#..#. #.
#@##......###.....
##.#####.....###.........
#....#..###..# #.........
#...## ##..###.......#
##...# #...#.#######
#...### #...<# ###.....##
#..### ...........###..#
########.#.##..##


You could see Edmund.

Vanquished Creatures
  A necrophage (D:3)
  2 adders
  A worm (D:4)
  5 dart slugs
  5 orcs
  5 ball pythons
  5 endoplasms
  6 goblins
  6 hobgoblins
  4 jackals (D:2)
  3 kobolds
  3 quokkas
  5 bats
  A frilled lizard (D:1)
  7 rats
59 creatures vanquished.

Notes
Turn   | Place    | Note
-------+----------+-------------------------------------------
     0 | D:1      | hawla the Hill Orc Ice Elementalist began the quest for the
                  | Orb.
     0 | D:1      | Reached XP level 1. HP: 14/14 MP: 3/3
   570 | D:1      | Reached XP level 2. HP: 18/20 MP: 4/4
   575 | D:1      | Reached skill level 4 in Ice Magic
  1168 | D:1      | Reached XP level 3. HP: 26/26 MP: 5/5
  1184 | D:1      | Found a faded altar of an unknown god.
  1333 | D:2      | HP: 1/26 [jackal (3)]
  1930 | D:2      | Reached skill level 1 in Polearms
  2053 | D:2      | Found a stormy altar of Qazlal.
  2917 | D:3      | Noticed a necrophage
  2931 | D:3      | Killed a necrophage
  2932 | D:3      | Reached skill level 1 in Fighting
  2932 | D:3      | Reached XP level 4. HP: 12/35 MP: 6/6
  2932 | D:3      | Reached XP level 5. HP: 13/40 MP: 7/7
  2936 | D:3      | Learned a level 3 spell: Frozen Ramparts
  3956 | D:4      | Noticed Edmund
  3963 | D:4      | Slain by Edmund

Illustrated notes

Levels and vault maps discovered:
D:1:      minmay_arrival_five_plusses, layout_rooms,
          dreamdust_ecumenical_altar_hidden_monk_grotto, minmay_tiny_reverse_x
D:2:      layout_basic, basic_altar
D:3:      layout_loops_ring
D:4:      layout_layer_cave, lemuel_doored_altar, minivault_27,
          hangedman_abyss_or_decor_stabs, uniq_edmund

Skill      XL: |  1  2  3  4  5 |
---------------+----------------+-----
Ice Magic      | 4 |  4.2
Polearms       | 2 3 |  3.0
Fighting       | 1 |  1.8
Dodging        | 2 |  2.1
Stealth        | 2 |  2.2
Spellcasting   | |  1.7

Action                   |  1- 3 |  4- 6 || total
-------------------------+-------+-------++-------
Melee: Unarmed           |    13 |       ||    13
       Spear             |   125 |    45 ||   170
       Punch             |     1 |       ||     1
Throw: Dart              |     1 |       ||     1
 Cast: Freeze            |     4 |     4 ||     8
       Frozen Ramparts   |       |     2 ||     2
  Use: Scroll            |     6 |       ||     6
       Potion            |     4 |       ||     4
 Stab: Sleeping          |     5 |     2 ||     7
Armor: Robe              |    28 |     7 ||    35
Dodge: Dodged            |    96 |    22 ||   118
